amy, neutral female human Ranger * --- $ -.|.--.--- * $ |.........-- * |.........)| . $ $* -......%..... ------ * * |..*......... |....| ---- -...[.........- -. --...-- ---..-- ..............-- |.- |....|--.....-- -......[-......-- |.| |....|-.......-- |........*...)..--- |^| |-..-|.).......| * ---..)......[.....-- |.--- |...--..<.*...-- |...-#.%..........| $ |...| |.--....[---.-- ---.---|.|.--.|....-- * ---.---- |.--.|.[-| --- |...| #.|------...| $ |....| |....|...| ---.--- |...| d ( $ $ ---..---..-..)..--- |...| ---..------@d- (* ` |...............------.--- ........ddd@ddd ` * -----.----.............| ----#--#-#----- $ --- -----.--------- # * --- amy the Trailblazer Experience level: 8 Strength: 15 Dexterity: 12 Constitution: 16 Intelligence: 13 Wisdom: 13 Charisma: 8 Health: 0(62) Energy: 18(40) Def: 0 Gold: 632 Moves: 4528 Dungeon seed: m-XT87AQOz9Z0ZwD Game ID: amy_1464484868 Your Inventory: Coins $ - 632 gold pieces Amulets R - a cursed amulet of restful sleep Weapons a - a +1 dagger c - 55 +2 arrows (in quiver) d - 17 +0 arrows h - 6 +0 daggers j - a +1 dagger q - 103 +0 arrows r - a +1 arrow w - 5 blessed +1 daggers E - 6 blessed +5 arrows H - 9 blessed +0 arrows T - 47 blessed +1 arrows Armor e - a blessed +1 elven mithril-coat n - an uncursed +0 mummy wrapping y - an uncursed +0 elven leather helm N - an uncursed +0 dwarvish iron helm Comestibles C - an uncursed fortune cookie G - an uncursed pear P - an uncursed eucalyptus leaf Scrolls f - a cursed scroll of blank paper g - an uncursed scroll of enchant weapon i - an uncursed scroll of confuse monster k - an uncursed scroll of genocide t - an uncursed scroll of enchant armor L - 2 blessed scrolls of blank paper M - 6 uncursed scrolls of blank paper V - a blessed scroll of fire W - an uncursed scroll of water Y - a cursed scroll of enchant armor Z - an uncursed scroll of teleportation Potions o - a cursed potion of confusion p - a cursed potion of object detection x - an uncursed potion of gain energy named ok B - an uncursed potion of levitation J - an uncursed potion of oil K - an uncursed potion of invisibility O - an uncursed potion of acid U - an uncursed potion of speed Rings X - an uncursed ring of stealth (on left hand) Wands m - a wand of enlightenment (0:12) s - a wand of make invisible (0:3) A - a wand of polymorph (0:3) Tools l - an uncursed magic lamp (lit) u - an uncursed skeleton key z - 3 uncursed tallow candles (0:200) Spells and supernatural/magical abilities: Name Level Category Fail Memory W - pray for help -- divine ? -- Your skills at the end: Miscellaneous Skills wands [Basic] Weapon Skills dagger [Basic] bow [Expert] Spellcasting Skills Final Attributes: You were devoutly aligned. You had automatic searching. You were stealthy. You were a werewolf. You are dead. Vanquished creatures: a skeleton a ghost a baby long worm a dwarf king 2 Grey-elves a soldier a cockatrice 2 wolves a winter wolf cub a panther a leprechaun an orc mummy a dwarf mummy a soldier ant 2 bugbears an imp a Mordor orc a yellow light a violet fungus 7 gnome lords 2 gnomish wizards 3 paper golems 3 giant ants a little dog 9 dwarves a kobold lord a kobold shaman a rabid rat a dwarf zombie a wererat 5 coyotes 4 hobbits 2 acid blobs 2 large kobolds 3 geckos a giant rat 4 cave spiders 2 brown molds a red mold 28 gnomes a gnome zombie 4 jackals a fox a kobold 3 newts 2 goblins 5 sewer rats 9 grid bugs a lichen 4 kobold zombies 135 creatures vanquished. Voluntary challenges: You had followed a strict vegan diet until turn 4103. You had followed a strict vegetarian diet until turn 4103. You used a wielded weapon 37 times, starting on turn 71. You did not apply a unicorn horn. You read items or engraved 6 times, starting on turn 294. You never genocided any monsters. You never polymorphed an object. You changed form 2 times, starting on turn 4126. You used no wishes. You never split a pudding. You wrote Elbereth's name 1 time, starting on turn 402. You never violated your personal moral code. Dungeon overview: The Dungeons of Doom: levels 1 to 4 Level 1 a long staircase Level 2 a fountain Level 3 a fountain Level 4 an altar to Venus, a fountain stairs to The Gnomish Mines The Gnomish Mines: levels 5 to 10 Level 5 stairs to The Dungeons of Doom Level 6 Level 7 some shops, a temple to Venus, a magic chest, some fountains, some trees Level 8 Level 9 <- You were here Level 10 History has recorded: On T:1 you entered the Dungeons of Doom to retrieve the Amulet of Yendor! On T:215 you reached level 2 of The Dungeons of Doom. On T:582 you reached level 3 of The Dungeons of Doom. On T:958 you reached level 4 of The Dungeons of Doom. On T:1052 you advanced to experience level 2. On T:1159 you reached level 1 of The Gnomish Mines. On T:1188 you advanced to experience level 3. On T:1286 you advanced to experience level 4. On T:1669 you advanced to experience level 5. On T:2120 you advanced to experience level 6. On T:3182 you reached level 3 of The Gnomish Mines. On T:3346 you entered the Minetown temple On T:3355 you opened a magic chest. On T:3362 you opened a magic chest. On T:3363 you opened a magic chest. On T:3732 you advanced to experience level 7. On T:3891 you opened a magic chest. On T:3921 you reached level 4 of The Gnomish Mines. On T:4032 you reached level 5 of The Gnomish Mines. On T:4205 you reached level 6 of The Gnomish Mines. On T:4263 you advanced to experience level 8. Score breakdown: Gold: 632 ( 63 points) Experience: 8 levels ( 700 points) Exploration: 10 levels ( 270 points) Discoveries: 12 items ( 600 points) Variety of kills: 50 monsters ( 2000 points) Major goal: reached Minetown ( 500 points) Survival: died (score multiplied by 3) Total score: 12399 Latest messages: Your shape becomes uncertain. You return to human form! Your movements are slowed slightly because of your load. The wolf bites! The winter wolf bites! The wolf bites! The werewolf bites! You call upon your brethren for help! You hear some noises in the distance. The wolf bites the wolf. You hear some noises. The wolf bites! You return to human form! Your movements are only slowed slightly by your load. The winter wolf bites! The wolf bites! The werewolf punches you! You die... Final status: Goodbye amy the Ranger, killed by a werewolf... You died in The Gnomish Mines on dungeon level 9 with 12399 points, and 632 pieces of gold, after 4528 moves. You were level 8 with a maximum of 62 hit points when you died.